Map: Submarine LE

Players

Cham

  • Race: Zerg Zerg
  • League: Grandmaster
  • Spawn Location: 5:00

SpeCial - Winner!

  • Race: Terran Terran
  • League: Master
  • Spawn Location: 11:00

Event: DreamHack SC2 Masters 2020 Winter

VOD

Have the link to the VOD?

Description

Time

  • Played on: Oct. 23, 2020, 4:15 p.m.
  • Length: 6:06

All games in this series

Show
View Real Time Build Order
Export as new Build Order

Cham Zerg 

Build Orders: Hatch First 

Get SALT Encoding   

  12  0:00  Drone  
  13  0:09  Drone  
  14  0:16  Overlord  
  14  0:34  Drone  
  14  0:35  Drone  
  16  0:47  Hatchery  
  15  0:50  Drone  
  15  0:55  Drone  
  17  0:58  Drone  
  18  1:08  Extractor  
  17  1:13  Spawning Pool  
  17  1:16  Drone  
  17  1:20  Drone  
  18  1:28  Drone  
  19  1:40  Drone  
  20  1:50  Overlord  
  20  2:01  Queen  
  20  2:02  Queen, Zergling x2  
  20  2:03  Zergling x2  
  26  2:10  Drone  
  26  2:12  Drone  
  28  2:16  Metabolic Boost  
  28  2:23  Drone  
  28  2:24  Drone  
  30  2:35  Hatchery  
  29  2:39  Spore Crawler  
  29  2:43  Queen  
  31  2:50  Drone  
  31  2:51  Drone x2  
  34  2:54  Overlord  
  34  2:59  Drone x2  
  36  3:06  Overlord  
  36  3:14  Drone x4  
  36  3:16  Drone  
  36  3:19  Drone  
  42  3:23  Queen  
  44  3:27  Drone  
  44  3:30  Zergling x2  
  46  3:35  Overlord  
  46  3:39  Zergling x2  
  47  3:45  Zergling x2  
  47  3:48  Drone x5  
  52  3:49  Queen  
  52  3:52  Overlord  
  52  3:54  Drone  
  56  4:01  Overlord  
  56  4:08  Zergling x6  
  56  4:09  Zergling x2  
  60  4:13  Queen  
  60  4:14  Zergling x4  
  60  4:15  Drone x2  
  66  4:24  Drone  
  66  4:25  Drone x4  
  66  4:30  Drone x2  
  73  4:40  Drone x2  
  73  4:43  Drone x2  
  73  4:44  Lair  
  77  4:46  Extractor  
  77  4:47  Spore Crawler  
  77  4:49  Drone  
  77  4:52  Drone  
  77  4:53  Drone, Overlord  
  77  4:58  Drone x2  
  77  4:59  Evolution Chamber  
  79  5:00  Evolution Chamber  
  79  5:04  Drone  
  79  5:05  Extractor, Hatchery  
  79  5:06  Overlord  
  77  5:08  Extractor  
  77  5:09  Drone  
  77  5:15  Drone x2  
  77  5:17  Drone x3  
  82  5:25  Drone x2, Overlord  
  82  5:27  Zergling x4  
  82  5:28  Zergling x4  
  88  5:31  Zergling x2  
  88  5:44  Zergling x4  
  88  5:45  Zergling x10  
  77  6:01  Baneling Nest  
Show
View Real Time Build Order
Export as new Build Order

SpeCial Terran - Winner!

Build Orders: Reaper Expand 

Get SALT Encoding   

  12  0:00  SCV  
  13  0:12  SCV  
  14  0:18  Supply Depot  
  14  0:24  SCV  
  15  0:40  SCV  
  15  0:42  Barracks  
  16  0:44  Refinery  
  16  0:52  SCV  
  17  1:04  SCV  
  18  1:16  SCV  
  19  1:29  Orbital Command  
  19  1:30  Reaper  
  20  1:38  Command Center  
  20  1:47  Supply Depot  
  20  1:55  SCV  
  21  2:01  Marine  
  21  2:06  Factory  
  21  2:08  SCV  
  23  2:16  Barracks  
  23  2:20  SCV  
  24  2:24  Barracks Reactor  
  24  2:26  Refinery  
  24  2:32  SCV  
  25  2:44  SCV  
  25  2:50  Orbital Command  
  26  2:51  Factory Reactor  
  26  2:56  SCV  
  27  3:01  Marine x2  
  27  3:04  Barracks Tech Lab  
  29  3:10  SCV  
  30  3:17  SCV  
  31  3:20  Marine x2  
  31  3:22  SCV  
  31  3:25  Marine  
  31  3:26  Stimpack  
  35  3:27  Supply Depot  
  35  3:29  Hellion x2  
  35  3:31  SCV  
  40  3:34  SCV  
  41  3:42  Marine x2  
  41  3:43  Starport, Marine  
  44  3:48  SCV  
  44  3:49  SCV  
  44  3:50  Supply Depot  
  46  3:56  Hellion  
  46  3:57  Hellion  
  46  4:02  SCV x2  
  52  4:05  Marine x2  
  54  4:11  Marine  
  54  4:12  Supply Depot  
  54  4:16  SCV x2, Refinery  
  57  4:23  Marine  
  57  4:24  Marine, Supply Depot  
  58  4:26  Factory Tech Lab  
  58  4:31  Medivac  
  61  4:33  Medivac  
  61  4:35  Marine  
  63  4:38  SCV  
  63  4:39  SCV  
  63  4:40  Marine  
  63  4:43  Marine  
  66  4:50  SCV  
  67  4:53  Marine  
  67  4:54  Siege Tank  
  67  4:55  Barracks  
  67  4:58  Supply Depot  
  67  4:59  SCV  
  72  5:03  Marine x2  
  74  5:11  Marine  
  75  5:15  SCV x2  
  75  5:17  Supply Depot  
  75  5:20  Marine  
  75  5:21  Marine  
  79  5:23  Medivac  
  79  5:26  Siege Tank  
  84  5:29  Marine  
  85  5:38  Marine  
  85  5:39  Marine, SCV  
  88  5:47  Marine  
  78  5:50  SCV  
  78  5:51  SCV  
  82  6:02  Starport Reactor  
Tags
 
Add a new tag
Caveats
  • Supply blocks, unpowered buildings, or Contaminate may cause inaccurate times.
  • Supply counts are checked every 10 seconds.